 Dungeon Crawl Stone Soup version 0.28.0-45-g0d030f2227 (webtiles) character file.

Game seed: 5066802809053332239

14 DearestLeader the Shield-Bearer (level 2, -2/29 HPs)
             Began as a Gnoll Fighter on Apr 4, 2022.
             Slain by a kobold
             ... wielding a +0 whip
              (3 damage)
             ... on level 1 of the Dungeon.
             The game lasted 00:00:33 (321 turns).

DearestLeader the Shield-Bearer (Gnoll Fighter)      Turns: 321, Time: 00:00:34

Health: -2/29      AC:  7    Str: 15    XL:     2   Next: 45%
Magic:  2/2        EV:  9    Int:  7    God:
Gold:   12         SH:  5    Dex: 11    Spells: 1/1 levels left

rFire   . . .      SeeInvis .   a - +0 war axe
rCold   . . .      Faith    .   c - +0 buckler
rNeg    . . .      Spirit   .   b - +0 scale mail
rPois   .          Reflect  .   (no helmet)
rElec   .          Harm     .   (no cloak)
rCorr   .          Rampage  .   (no gloves)
Will    .....                   (no boots)
Stlth   ..........              (no amulet)
HPRegen 0.09/turn               (no ring)
MPRegen 0.08/turn               (no ring)

@: no status effects
A: fangs 1, strong nose, distributed training
a: no special abilities


You were on level 1 of the Dungeon.
You visited 1 branch of the dungeon, and saw 1 of its levels.

You collected 12 gold pieces.

Inventory:

Hand Weapons
 a - a +0 war axe (weapon)
Armour
 b - a +0 scale mail (worn)
 c - a +0 buckler (worn)
Potions
 d - a potion of might


   Skills:
 + Level 6.5 Fighting
 + Level 0.4 Short Blades
 + Level 0.4 Long Blades
 + Level 4.5 Axes
 + Level 0.4 Maces & Flails
 + Level 0.4 Polearms
 + Level 0.4 Staves
 + Level 0.4 Slings
 + Level 0.4 Bows
 + Level 0.4 Crossbows
 + Level 0.4 Throwing
 + Level 6.5 Armour
 + Level 0.4 Dodging
 + Level 0.4 Stealth
 + Level 6.5 Shields
 + Level 0.4 Unarmed Combat
 + Level 0.4 Spellcasting
 + Level 0.2 Conjurations
 + Level 0.2 Hexes
 + Level 0.2 Summonings
 + Level 0.2 Necromancy
 + Level 0.2 Translocations
 + Level 0.2 Transmutations
 + Level 0.2 Fire Magic
 + Level 0.2 Ice Magic
 + Level 0.2 Air Magic
 + Level 0.2 Earth Magic
 + Level 0.2 Poison Magic
 + Level 0.5 Invocations
 + Level 0.4 Evocations


You had one spell level left.
You didn't know any spells.
Your spell library was empty.

Dungeon Overview and Level Annotations

Branches:
Dungeon (1/15)

Altars:


Innate Abilities, Weirdness & Mutations

You have very sharp teeth.
Your uncanny sense of smell can sniff out nearby items.
Your experience applies equally to all skills.


Message History

The bat is moderately wounded.
You block the bat's attack.
A frilled lizard comes into view.
The kobold throws a stone.
You block the stone. The bat completely misses you.
You hit the bat.
You kill the bat!
You block the quokka's attack. The rat misses you.
You completely miss the quokka. You hit the rat.
You kill the rat!
The quokka bites you.
The quokka bites you but does no damage.
The kobold throws a stone.
The stone hits you but does no damage.
You hit the quokka but do no damage. The quokka bites you.
You closely miss the kobold. You hit the quokka. The quokka barely misses you.
The kobold hits you with a +0 whip.
You barely miss the quokka. You bite the quokka.
The quokka is severely wounded.
You barely miss the kobold. You closely miss the kobold.
You block the quokka's attack. The kobold hits you but does no damage.
You block the kobold's attack.
The quokka bites you but does no damage.
The kobold barely misses you.
You hit the quokka.
You kill the quokka!
You barely miss the kobold. You closely miss the hobgoblin. You hit the kobold.
The kobold hits you but does no damage.
You are electrocuted!!
Ouch! That really hurt!
* * * LOW HITPOINT WARNING * * *
The hobgoblin hits you but does no damage.
The kobold hits you with a +0 whip.
* * * LOW HITPOINT WARNING * * *
The kobold barely misses you.
Unknown command.
You hit the kobold but do no damage.
The kobold is severely wounded.
You hit the frilled lizard.
You kill the frilled lizard!
You closely miss the kobold. You barely miss the hobgoblin.
The hobgoblin barely misses you. The kobold hits you with a +0 whip.
You die...

#. #. ..... #.#
#.####......
....#.#...#.....
....#...........
.........#... .........#
#.K†..##### #
#.@K!.....# #.#..g..###.
#.#......## #
#.###†....#.#
#..##.............
#.............#....#.# #
#.##....#...........####
∆ ####.##..............
#.##..............


You could see a hobgoblin and 2 kobolds.

Vanquished Creatures
  A dart slug (D:1)
  A ball python (D:1)
  An endoplasm (D:1)
  A giant cockroach (D:1)
  2 quokkas (D:1)
  3 bats (D:1)
  2 frilled lizards (D:1)
  A kobold (D:1)
  A rat (D:1)
13 creatures vanquished.

Notes
Turn   | Place    | Note
-------+----------+-------------------------------------------
     0 | D:1      | DearestLeader the Gnoll Fighter began the quest for the
                  | Orb.
     0 | D:1      | Reached XP level 1. HP: 23/23 MP: 1/1
   169 | D:1      | Found a faded altar of an unknown god.
   244 | D:1      | Reached XP level 2. HP: 29/29 MP: 2/2
   320 | D:1      | HP: 1/29 [kobold/+0 whip (3)]
   321 | D:1      | Slain by a kobold

Illustrated notes

Levels and vault maps discovered:
D:1:      dpeg_arrival_castle, layout_loops_ring,
          shapermc_ecumenical_altar_acropolis

Action                   || total
-------------------------++-------
Melee: War axe           ||    37
       Bite              ||     4
Armor: Scale mail        ||    29
Dodge: Dodged            ||    15
Block: Buckler           ||    19
